 Dungeon Crawl Stone Soup version 0.29-a0-555-g3b24f45cc1 (console) character file.

Game seed: 12215736110041987204

1997 om the Thaumaturge (level 9, -1/55 HPs)
             Began as a Djinni Venom Mage on June 7, 2022.
             Was a Believer of Makhleb.
             Slain by an ogre
             ... wielding a +0 giant club
              (27 damage)
             ... on level 7 of the Dungeon.
             The game lasted 00:18:00 (9576 turns).

om the Thaumaturge (Djinni Venom Mage)              Turns: 9576, Time: 00:18:00

Health: -1/55      AC:  8    Str:  9    XL:     9   Next: 45%
Gold:   329        EV: 13    Int: 26    God:    Makhleb [**....] SH:  0 Dex: 13

rFire   + + .      SeeInvis .   t - +0 spear (vamp)
rCold   x . .      Faith    .   (no shield)
rNeg    . . .      Spirit   .   a - +0 robe
rPois   ∞          Reflect  .   f - +1 helmet
rElec   .          Harm     .   (no cloak)
rCorr   .          Rampage  .   (no gloves)
Will    .....                   (boots unavailable)
Stlth   ++........              (no amulet)
HPRegen 0.18/turn               c - +6 ring of intelligence
MPRegen 0.00/turn               g - +4 ring of protection

@: flying
A: sickness immunity, fire resistance 2, cold vulnerability 1, float, innate
caster, HP casting, extra vitality 1
a: Renounce Religion, Minor Destruction


You were on level 7 of the Dungeon.
You worshipped Makhleb.
Makhleb was pleased with you.
You visited 1 branch of the dungeon, and saw 7 of its levels.

You collected 329 gold pieces.

Inventory:

Hand Weapons
 e - a +0 short sword
 t - a +0 vampiric spear (weapon)
Missiles
 r - 2 throwing nets
Armour
 a - a +0 robe (worn)
 f - a +1 helmet (worn)
Jewellery
 c - a +6 ring of intelligence (left hand)
 g - a +4 ring of protection (right hand)
 j - a ring of see invisible
 l - a ring of protection from fire
Scrolls
 d - a scroll of amnesia
 i - a scroll of poison
 m - a scroll of teleportation
 o - a scroll of blinking
 p - a scroll of magic mapping {unknown}
 q - a scroll of summoning
 s - a scroll of enchant armour
 u - a scroll of fog {unknown}
 w - 2 scrolls of fear
Potions
 b - 2 potions of attraction
 h - a potion of haste
 k - 2 potions of brilliance
 n - a potion of magic {unknown}
 v - 2 potions of flight
 x - 2 potions of curing {unknown}
 z - 2 potions of lignification
 A - a potion of heal wounds


   Skills:
 - Level 5.0 Dodging
 - Level 3.0 Stealth
 + Level 8.6 Spellcasting


You had 6 spell levels left.
You knew the following spells:

 Your Spells              Type           Power      Damage    Failure   Level
a - Sting                 Tmut/Pois      100%       1d8       1%          1
b - Poisonous Vapours     Pois/Air       100%       N/A       1%          2
c - Mephitic Cloud        Conj/Pois/Air  54%        N/A       1%          3
d - Olgreb's Toxic Radia  Pois           54%        N/A       1%          4
e - Freeze                Ice            100%       1d11      1%          1
f - Static Discharge      Conj/Air       54%        N/A       1%          2
g - Summon Guardian Gole  Hex/Summ       54%        N/A       1%          3
h - Dazzling Flash        Conj/Hex       100%       N/A       1%          3
Your spell library was empty.

Dungeon Overview and Level Annotations

Branches:
Dungeon (7/15)             Temple (0/1) D:5

Altars:
Makhleb

Shops:
D:4 =

Annotations:
D:4 3 runed translucent doors, Tocho's ghost, amateur DsGl


Innate Abilities, Weirdness & Mutations

You are immune to sickness and miasma.
You are immune to poison.
Your flesh is very heat resistant. (rF++)
You are vulnerable to cold. (rC-)
You float through the air rather than walking.
You learn spells naturally, not from books.
Your magical power is your life essence.
You have superior vitality. (+4 MHP)


Message History

Aiming: Poisonous Vapours (safe; 1% risk of failure)
Press: ? - help, Dir - move target, f - ogre, p - centaur
Aim: an ogre, wielding a +0 giant club Poisonous vapours surround the ogre!
The ogre is poisoned.
The centaur closely misses you.
The centaur kicks you but does no damage.
Casting: Poisonous Vapours (safe; 1% risk of failure)
Confirm with . or Enter, or press ? or * to list all spells.
Aiming: Poisonous Vapours (safe; 1% risk of failure)
Press: ? - help, Dir - move target, f/p - ogre
Aim: an ogre, wielding a +0 giant club (very poisoned) Poisonous vapours surround the ogre!
The ogre looks as sick as possible!
You kill the centaur!
Makhleb accepts your kill.
You feel better.
Casting: Poisonous Vapours (safe; 1% risk of failure)
Confirm with . or Enter, or press ? or * to list all spells.
Casting: Dazzling Flash (safe; 1% risk of failure)
Press: ? - help, Dir - look around, f - activate The ogre is dazzled.
The ogre misses you.
Aiming: Sting (safe; 1% risk of failure)
Press: ? - help, Q - select action, (/) - cycle Shift-Dir - straight line, f - ogre
Aim: an ogre, wielding a +0 giant club (lightly wounded, blind, extremely poisoned, 89% to hit)
The sting hits the ogre.
The ogre looks as sick as possible!
The ogre is moderately wounded.
You hear the faint creaking of a very distant portcullis.
Unknown command.
Aiming: Sting (safe; 1% risk of failure)
Press: ? - help, Q - select action, (/) - cycle Shift-Dir - straight line, f/p - ogre
Aim: an ogre, wielding a +0 giant club (heavily wounded, blind, extremely poisoned, 89% to hit)
The sting hits the ogre.
The ogre looks as sick as possible!
The ogre is heavily wounded.
The ogre misses you.
Unknown command.
Aiming: Sting (safe; 1% risk of failure)
Press: ? - help, Q - select action, (/) - cycle Shift-Dir - straight line, f/p - ogre
Aim: an ogre, wielding a +0 giant club (severely wounded, blind, extremely poisoned, 89% to hit)
The sting hits the ogre.
The ogre looks as sick as possible!
The ogre is severely wounded.
The ogre hits you with a +0 giant club!!
You die...

.# .. ### .# .# ..
.# .# #.#. .##
#.>. .. #..# .#
#..########)#####.
#.......@O........
#..########.#####(
#..# #####+## #..#
#......#
#..####......#
#....##......#
#..#.##......#
#.....'..<)..#
#..#.##..))..#
#..#.##......#
....#.##......#


You could see an ogre (blind, extremely poisoned).

Vanquished Creatures
  Eustachio (D:5)
  2 steam dragons
  A water moccasin (D:6)
  A sky beast (D:6)
  2 ogres
  3 centaurs
  2 phantoms
  A scorpion (D:5)
  3 wights (D:6)
  A hound (D:4)
  An orc priest (D:4)
  3 iguanas
  Terence (D:3)
  4 orc wizards
  10 gnolls (D:4)
  8 adders
  A shadow imp (D:6)
  2 white imps
  An ufetubus (D:6)
  2 dart slugs
  13 orcs
  2 bats (D:3)
  10 endoplasms
  5 giant cockroaches
  6 goblins
  4 hobgoblins
  8 kobolds
  7 quokkas
  4 ball pythons
  4 frilled lizards
  10 rats
123 creatures vanquished.

Vanquished Creatures (others)
  A scorpion (D:5)
  An iguana (D:5)
2 creatures vanquished.

Grand Total: 125 creatures vanquished

Notes
Turn   | Place    | Note
-------+----------+-------------------------------------------
     0 | D:1      | om the Djinni Venom Mage began the quest for the Orb.
     0 | D:1      | Reached XP level 1. HP: 15/15 MP: 0/0
   435 | D:1      | Reached XP level 2. HP: 20/21 MP: 0/0
  1167 | D:1      | Reached XP level 3. HP: 25/25 MP: 0/0
  1167 | D:1      | Learned a level 1 spell: Freeze
  1547 | D:2      | Reached skill level 3 in Spellcasting
  1568 | D:2      | Found a burning altar of Makhleb.
  1586 | D:2      | Became a worshipper of Makhleb the Destroyer
  1851 | D:2      | Found a faded altar of an unknown god.
  2450 | D:3      | Reached XP level 4. HP: 28/31 MP: 0/0
  3347 | D:3      | Reached XP level 5. HP: 33/35 MP: 0/0
  3347 | D:3      | Learned a level 2 spell: Static Discharge
  3853 | D:3      | Noticed Terence
  3867 | D:3      | Killed Terence
  4027 | D:3      | Reached * piety under Makhleb
  4477 | D:4      | Reached XP level 6. HP: 12/40 MP: 0/0
  4906 | D:4      | Reached skill level 4 in Spellcasting
  4966 | D:4      | Found Suxzyej's Jewellery Shoppe.
  5390 | D:4      | Noticed an ogre
  5402 | D:4      | Killed an ogre
  5403 | D:4      | Reached XP level 7. HP: 42/45 MP: 0/0
  5403 | D:4      | Learned a level 3 spell: Summon Guardian Golem
  5857 | D:4      | Found a runed translucent gate.
  5857 | D:4      | Found a runed translucent gate.
  5858 | D:4      | Found a runed translucent gate.
  6038 | D:4      | Reached skill level 5 in Spellcasting
  6150 | D:4      | Noticed Tocho's ghost (amateur DsGl)
  6654 | D:5      | Entered Level 5 of the Dungeon
  7017 | D:5      | Found a staircase to the Ecumenical Temple.
  7080 | D:5      | Reached skill level 6 in Spellcasting
  7080 | D:5      | Reached XP level 8. HP: 45/50 MP: 0/0
  7412 | D:5      | Reached ** piety under Makhleb
  7786 | D:5      | Noticed Eustachio
  7803 | D:5      | Killed Eustachio
  8317 | D:6      | Reached skill level 7 in Spellcasting
  8801 | D:6      | Reached XP level 9. HP: 34/55 MP: 0/0
  8801 | D:6      | Learned a level 3 spell: Dazzling Flash
  9041 | D:6      | Reached skill level 5 in Dodging
  9125 | D:6      | Reached skill level 8 in Spellcasting
  9576 | D:7      | Slain by an ogre

Illustrated notes

Levels and vault maps discovered:
D:1:      dpeg_arrival_round_b, layout_rooms, grunt_decor_mini_mirrors,
          minmay_tromino_v7
D:2:      layout_basic, serial_curves, eino_curves_02, eino_curves_03,
          hellmonk_ecumenical_altar_blasted, basic_altar, glass_columns_a,
          minmay_misc_feat_nine_boxes
D:3:      layout_loops_corners, minmay_large_rounded_square, uniq_terence
D:4:      layout_layer_cave, gammafunk_ghost_split, serial_shops,
          nicolae_shop_statue_plus
D:5:      layout_basic, minmay_temple_entry_ruins, dreamdust_princess_corridor,
          kennysheep_nondescript, minmay_crystal_water,
          minmay_increasing_density, uniq_eustachio
D:6:      layout_rooms, nicolae_figureground_sparkle
D:7:      layout_basic, gammafunk_ghost_abyssal_escape, enter_bailey_2

Skill      XL: |  1  2  3  4  5  6  7  8  9 |
---------------+----------------------------+-----
Stealth        | 2 3 |  3.0
Spellcasting   | 3 4 6 7 8 |  8.6
Dodging        | 3 4 5 |  5.0

Action                   |  1- 3 |  4- 6 |  7- 9 || total
-------------------------+-------+-------+-------++-------
Melee: Short sword       |    42 |    35 |     4 ||    81
       Punch             |     1 |       |     2 ||     3
       Spear             |       |       |    72 ||    72
 Cast: Sting             |    46 |    41 |    28 ||   115
       Mephitic Cloud    |     1 |       |       ||     1
       Poisonous Vapours |       |    58 |    48 ||   106
       Freeze            |       |     2 |       ||     2
       Static Discharge  |       |       |    24 ||    24
       Summon Guardian G |       |       |     7 ||     7
       Olgreb's Toxic Ra |       |       |     3 ||     3
       Dazzling Flash    |       |       |     1 ||     1
  Use: Scroll            |     3 |     5 |     6 ||    14
       Potion            |       |       |     1 ||     1
 Stab: Sleeping          |     2 |     1 |     1 ||     4
Armor: Robe              |    11 |    17 |    46 ||    74
Dodge: Dodged            |    23 |    37 |   100 ||   160

Table legend: (Time is in decaauts)
 A = Elapsed time spent in this place.
 B = Non-inter-level travel time spent in this place.
 C = Inter-level travel time spent in this place.
 D = Time resting spent in this place.
 E = Time spent auto-exploring this place.
 F = Levels seen in this place.
 G = Mean time per level.
                   A        B        C        D        E       F      G
               +--------+--------+--------+--------+--------+-----+--------+
         Total |   9589 |   9337 |    252 |   3526 |   4673 |   7 | 1369.9 |
       Dungeon |   9589 |   9337 |    252 |   3526 |   4673 |   7 | 1369.9 |
               +--------+--------+--------+--------+--------+-----+--------+

Top non-repeatable levels by time:
     D:4: 2145 daAuts
     D:3: 2128 daAuts
     D:1: 1372 daAuts
     D:2: 1311 daAuts
     D:5: 1282 daAuts
     D:6: 1144 daAuts
     D:7: 204 daAuts
